[Event "25th Abu Dhabi Master 2018"]
[Site "Abu Dhabi"]
[Date "2018.08.07"]
[Round "1"]
[White "Pranav, Vijay"]
[Black "Shyam, Sundar M."]
[Result "1/2-1/2"]
[ECO "A45"]
[WhiteElo "2265"]
[BlackElo "2527"]
[Annotator "NA RC"]
[PlyCount "95"]
[EventDate "2018.08.05"]
[EventType "swiss"]
[EventCountry "UAE"]
[SourceTitle "playchess.com"]
[Source "ChessBase"]
[SourceQuality "1"]
[TimeControl "5400+30"]

1. d4 Nf6 2. Nc3 d5 3. Bf4 a6 4. e3 e6 5. Nf3 c5 6. a3 Nc6 7. h3 c4 8. Be2 b5 9. O-O Bd6 10. Ne5 Qc7 11. Nxc6 Bxf4 12. exf4 Qxc6 13. Qd2 O-O 14. Bf3 Bd7 15. Ne2 a5 16. c3 Rab8 17. g4 Qd6 18. Qe3 Bc6 19. Ng3 Rfe8 20. Rfe1 Ra8 21. Re2 Nd7 22. Rae1 b4 23. axb4 axb4 24. Qd2 b3 25. Bg2 Rad8 26. h4 Nf8 27. h5 f6 28. f5 e5 29. dxe5 fxe5 30. h6 Qxh6 31. Qxh6 gxh6 32. Rxe5 Kf7 33. Rxe8 Rxe8 34. Rd1 Nd7 35. Bxd5+ Bxd5 36. Rxd5 Nf6 37. Rd4 Re1+ 38. Kg2 Rb1 39. Ne4 Rxb2 40. Nxf6 Kxf6 41. Rxc4 Rc2 42. Rc6+ Kg7 43. Rc7+ Kg8 44. Rc8+ Kg7 45. Rc6 b2 46. Rb6 Kf7 47. c4 Rxc4 48. Rxb2 1/2-1/2

[Event "25th Abu Dhabi Master 2018"]
[Site "Abu Dhabi"]
[Date "2018.08.07"]
[Round "1"]
[White "Krishnater, Kushager"]
[Black "Firouzja, Alireza"]
[Result "0-1"]
[ECO "B90"]
[WhiteElo "2256"]
[BlackElo "2561"]
[Annotator "ChessBase"]
[PlyCount "62"]
[EventDate "2018.08.05"]
[EventType "swiss"]
[EventCountry "UAE"]
[SourceTitle "playchess.com"]
[Source "ChessBase"]
[SourceQuality "1"]
[TimeControl "5400+30"]

1. e4 c5 2. Nf3 d6 3. d4 cxd4 4. Nxd4 Nf6 5. Nc3 a6 6. h3 e6 7. g4 Be7 8. g5 Nfd7 9. h4 b5 10. a3 Bb7 11. Be3 Nb6 12. Nxe6 fxe6 13. Qd4 Na4 14. Qxg7 Kd7 15. Nxa4 bxa4 16. O-O-O Bxe4 17. Bc5 Qf8 18. Rxd6+ Kc7 19. Qc3 Bxd6 20. Bxd6+ Kxd6 21. Qb4+ Kc7 22. Qxe4 Nd7 23. Bg2 Ra7 24. Rd1 Qc5 25. Qxe6 Rd8 26. Rd3 Kb8 27. Bh3 Qxf2 28. Qe7 Rc8 29. c3 Nc5 30. Qd6+ Rac7 31. Rd1 Qe3+ 0-1

[Event "25th Abu Dhabi Master 2018"]
[Site "Abu Dhabi"]
[Date "2018.08.07"]
[Round "1"]
[White "Dixit, Nikhil"]
[Black "Kadric, Denis"]
[Result "0-1"]
[ECO "B00"]
[WhiteElo "2240"]
[BlackElo "2537"]
[Annotator "RC"]
[PlyCount "98"]
[EventDate "2018.08.05"]
[EventType "swiss"]
[EventCountry "UAE"]
[SourceTitle "playchess.com"]
[Source "ChessBase"]
[SourceQuality "1"]
[TimeControl "5400+30"]

1. e4 Nc6 2. d4 d6 3. Nf3 Nf6 4. Nc3 g6 5. Be2 Bg7 6. O-O O-O 7. d5 Nb8 8. Be3 e5 9. dxe6 Bxe6 10. Qd2 Re8 11. Bh6 Bg4 12. h3 Bxh6 13. Qxh6 Bxf3 14. Bxf3 Nbd7 15. g3 Re5 16. Bg2 Nc5 17. Rae1 Qe7 18. Qe3 Ncxe4 19. Bxe4 Nxe4 20. f4 Re6 21. Nd5 Qd8 22. f5 Re5 23. fxg6 hxg6 24. Qf4 Ng5 25. Nf6+ Kg7 26. Qd4 Nf3+ 27. Rxf3 Rxe1+ 28. Kf2 Re5 29. Ng4 Qe7 30. Re3 f6 31. Nxe5 fxe5 32. Qe4 c6 33. Kg2 Rf8 34. Rf3 d5 35. Qe3 Rxf3 36. Kxf3 d4 37. Qd3 Qe6 38. Qb3 e4+ 39. Ke2 Qxb3 40. axb3 c5 41. Kf2 Kf6 42. Ke2 Kf5 43. Kf2 g5 44. Ke2 a5 45. Kf2 b5 46. Ke2 a4 47. bxa4 bxa4 48. Kf2 c4 49. Ke2 c3 {[%emt 0:00:16] Kd3} 0-1

[Event "25th Abu Dhabi Master 2018"]
[Site "Abu Dhabi"]
[Date "2018.08.07"]
[Round "1"]
[White "Gajwa, Ankit"]
[Black "Vishnu, Prasanna V"]
[Result "0-1"]
[ECO "B51"]
[WhiteElo "2223"]
[BlackElo "2517"]
[Annotator "ChessBase"]
[PlyCount "92"]
[EventDate "2018.08.05"]
[EventType "swiss"]
[EventCountry "UAE"]
[SourceTitle "playchess.com"]
[Source "ChessBase"]
[SourceQuality "1"]
[TimeControl "5400+30"]

1. e4 c5 2. Nf3 d6 3. Bb5+ Nd7 4. d4 Ngf6 5. Nc3 cxd4 6. Qxd4 e5 7. Qd3 h6 8. a4 Be7 9. Be3 O-O 10. O-O Nb8 11. Rfd1 Be6 12. Qe2 Qc7 13. a5 Na6 14. Ra4 Rfc8 15. Nh4 Bf8 16. h3 Nc5 17. Bxc5 Qxc5 18. Qf3 a6 19. Bf1 Bd7 20. Rc4 Qxa5 21. Nf5 Be6 22. Nxh6+ Kh7 23. Rxc8 Rxc8 24. Nf5 Qb4 25. Ne3 Qxb2 26. Ncd5 Nd7 27. Bd3 Kg8 28. c3 Rxc3 29. Nxc3 Qxc3 30. Qe2 b5 31. Bb1 Nf6 32. Kh2 g6 33. Ba2 Bxa2 34. Qxa2 Nxe4 35. Qxa6 Nxf2 36. Nd5 Qc4 37. Rd2 Ne4 38. Rd1 Bh6 39. Qb7 Kg7 40. Ra1 Nc3 41. Nxc3 Qxc3 42. Rf1 Bf4+ 43. Kg1 b4 44. Qd5 b3 45. Qxd6 b2 46. Qd5 Qd4+ 0-1

[Event "25th Abu Dhabi Master 2018"]
[Site "Abu Dhabi"]
[Date "2018.08.07"]
[Round "1"]
[White "Varshini, Veileven"]
[Black "Saduakassova, Dinara"]
[Result "0-1"]
[ECO "B49"]
[WhiteElo "2205"]
[BlackElo "2495"]
[Annotator "RC"]
[PlyCount "92"]
[EventDate "2018.08.05"]
[EventType "swiss"]
[EventCountry "UAE"]
[SourceTitle "playchess.com"]
[Source "ChessBase"]
[SourceQuality "1"]
[TimeControl "5400+30"]

1. e4 c5 2. Nf3 e6 3. Nc3 Nc6 4. d4 cxd4 5. Nxd4 Qc7 6. Be3 a6 7. Be2 Nf6 8. a3 Be7 9. O-O O-O 10. f4 d6 11. Bf3 Na5 12. Kh1 Nc4 13. Bc1 Bd7 14. Nde2 Rac8 15. b3 Na5 16. e5 Ne8 17. Bb2 dxe5 18. fxe5 Nc6 19. Nf4 Bg5 20. Nd3 f5 21. Nd5 exd5 22. Bxd5+ Kh8 23. e6 Rd8 24. exd7 Qxd7 25. c4 Nc7 26. Qh5 Bf6 27. Nc5 Qc8 28. Bxf6 Rxf6 29. Rae1 Nxd5 30. cxd5 Nd4 31. b4 b6 32. Nd3 Rh6 33. Qf7 Rf6 34. Qh5 Qd7 35. Nf4 Kg8 36. Qd1 Nb5 37. Re6 Nc3 38. Qd4 Rxe6 39. Nxe6 Qxe6 40. Qxc3 Qxd5 41. h3 Qd3 42. Qc1 h6 43. Re1 Kh7 44. Qc7 Rd6 45. Re8 Qf1+ 46. Kh2 Qf4+ 0-1

[Event "25th Abu Dhabi Master 2018"]
[Site "Abu Dhabi"]
[Date "2018.08.07"]
[Round "1"]
[White "Mendonca, Leon Luke"]
[Black "Harsha, Bharathakoti"]
[Result "0-1"]
[ECO "E04"]
[WhiteElo "2168"]
[BlackElo "2454"]
[Annotator "ChessBase"]
[PlyCount "118"]
[EventDate "2018.08.05"]
[EventType "swiss"]
[EventCountry "UAE"]
[SourceTitle "playchess.com"]
[Source "ChessBase"]
[SourceQuality "1"]
[TimeControl "5400+30"]

1. d4 e6 2. c4 d5 3. Nf3 Nf6 4. g3 dxc4 5. Bg2 a6 6. O-O Nc6 7. Bg5 Rb8 8. e3 Bd7 9. Nfd2 Na5 10. Qc2 Be7 11. Rd1 Bc6 12. Bxc6+ Nxc6 13. Nxc4 O-O 14. Nc3 Nd5 15. Bxe7 Qxe7 16. Rac1 Rfd8 17. a3 h5 18. h4 Nf6 19. Ne4 Nxe4 20. Qxe4 Rd5 21. Rc2 Rbd8 22. Rdc1 Nb8 23. Ne5 c6 24. Kg2 Nd7 25. Nxd7 R8xd7 26. Rc5 g6 27. b4 Qd8 28. R1c2 Kg7 29. Rc1 Re7 30. Qf3 Red7 31. Qe4 Qf6 32. R1c2 Qe7 33. Rc1 Qd6 34. R1c2 Rd8 35. Rc1 Qd7 36. R1c2 Qd6 37. Rc1 Qd7 38. R1c2 Ra8 39. Rxd5 exd5 40. Qd3 a5 41. Rc5 axb4 42. axb4 Ra2 43. b5 Qe6 44. bxc6 bxc6 45. Rc2 Ra1 46. Qc3 Qe4+ 47. f3 Qf5 48. Rb2 g5 49. hxg5 Qxg5 50. Re2 Ra6 51. Kh2 Qf6 52. Kg2 Ra4 53. Qd3 h4 54. gxh4 Ra1 55. Qc3 Qg6+ 56. Kh2 Rg1 57. Qe1 Rxe1 58. Rxe1 Qc2+ 59. Kg3 Qd2 0-1

[Event "25th Abu Dhabi Master 2018"]
[Site "Abu Dhabi"]
[Date "2018.08.07"]
[Round "1"]
[White "Michelle Catherina, P."]
[Black "Raja, Rithvik R"]
[Result "0-1"]
[ECO "B91"]
[WhiteElo "2153"]
[BlackElo "2436"]
[Annotator "NA"]
[PlyCount "108"]
[EventDate "2018.08.05"]
[EventType "swiss"]
[EventCountry "UAE"]
[SourceTitle "playchess.com"]
[Source "ChessBase"]
[SourceQuality "1"]
[TimeControl "5400+30"]

1. e4 c5 2. Nf3 d6 3. d4 cxd4 4. Nxd4 Nf6 5. Nc3 a6 6. g3 e5 7. Nf3 b5 8. Bg2 Nbd7 9. Nh4 Nb6 10. a3 Bg4 11. Qd3 Be7 12. O-O Rc8 13. b3 O-O 14. Re1 Qc7 15. Bb2 Rfd8 16. h3 Be6 17. Re2 g6 18. Qe3 Qc5 19. Rd1 Qxe3 20. Rxe3 Rc5 21. Nf3 Rdc8 22. Bf1 h5 23. Ng5 Ng4 24. hxg4 Bxg5 25. Red3 Bxg4 26. f3 Be6 27. Rxd6 Rxc3 28. Bxc3 Rxc3 29. Kh1 Be3 30. R6d3 Rxd3 31. Rxd3 Bc5 32. Rc3 Bd4 33. Rc6 Kf8 34. c4 bxc4 35. bxc4 a5 36. c5 Na4 37. Ra6 Nxc5 38. Rxa5 Ke7 39. a4 f5 40. exf5 gxf5 41. Ra7+ Kd6 42. a5 Bd5 43. Be2 e4 44. Kg2 e3 45. Rh7 Nb3 46. Rh6+ Ke5 47. Kf1 Nd2+ 48. Kg2 Nxf3 49. Rxh5 Nd2+ 50. Kh3 Bf3 51. g4 Bxe2 52. Rxf5+ Ke4 53. Rf8 Bf1+ 54. Kg3 Be5+ 0-1

[Event "25th Abu Dhabi Master 2018"]
[Site "Abu Dhabi"]
[Date "2018.08.07"]
[Round "1"]
[White "Sarvesh Kumar, A."]
[Black "Ikeda, Junta"]
[Result "0-1"]
[ECO "B42"]
[WhiteElo "2145"]
[BlackElo "2419"]
[Annotator "NA"]
[PlyCount "108"]
[EventDate "2018.08.05"]
[EventType "swiss"]
[EventCountry "UAE"]
[SourceTitle "playchess.com"]
[Source "ChessBase"]
[SourceQuality "1"]
[TimeControl "5400+30"]

1. e4 c5 2. Nf3 e6 3. d4 cxd4 4. Nxd4 a6 5. Bd3 Bc5 6. Nb3 Be7 7. Qg4 g6 8. Qe2 d6 9. O-O Nd7 10. f4 Qc7 11. Nc3 Ngf6 12. Be3 b5 13. a3 Bb7 14. Rad1 O-O 15. h3 Rfe8 16. Qf2 Rac8 17. g4 Qb8 18. g5 Nh5 19. Be2 Ng7 20. Bf3 Rf8 21. h4 f6 22. Qh2 Qa8 23. Na5 Rxc3 24. bxc3 Bxe4 25. Qg2 Bxf3 26. Qxf3 d5 27. Qe2 Qc8 28. Bd4 Nc5 29. Nb3 Ne4 30. Rd3 Nh5 31. Qg4 Bd6 32. Be3 f5 33. Qf3 Nxc3 34. Bc1 Ne4 35. Qg2 Qc7 36. Nd4 Kf7 37. Qh2 Rc8 38. Kh1 Qc4 39. Rff3 Bc5 40. c3 Bxd4 41. Rxd4 Qxd4 42. cxd4 Rxc1+ 43. Kg2 Rc2+ 44. Kg1 Rxh2 45. Kxh2 Ke7 46. a4 Kd6 47. axb5 axb5 48. Ra3 Kc6 49. Ra7 b4 50. Rxh7 b3 51. Rh8 Kb5 52. Kg2 Kc4 53. Kf3 b2 54. Rb8 b1=Q 0-1

[Event "25th Abu Dhabi Master 2018"]
[Site "Abu Dhabi"]
[Date "2018.08.07"]
[Round "1"]
[White "Jeet, Jain"]
[Black "Jonkman, Harmen"]
[Result "1-0"]
[ECO "C54"]
[WhiteElo "2136"]
[BlackElo "2404"]
[Annotator "NA"]
[PlyCount "83"]
[EventDate "2018.08.05"]
[EventType "swiss"]
[EventCountry "UAE"]
[SourceTitle "playchess.com"]
[Source "ChessBase"]
[SourceQuality "1"]
[TimeControl "5400+30"]

1. e4 e5 2. Nf3 Nc6 3. Bc4 Bc5 4. c3 Nf6 5. d3 d6 6. Bb3 a6 7. Nbd2 Ba7 8. O-O Ne7 9. Re1 Ng6 10. Nf1 h6 11. Ng3 O-O 12. d4 Bg4 13. Nf5 exd4 14. cxd4 Re8 15. h3 Bxf5 16. exf5 Rxe1+ 17. Qxe1 Ne7 18. g4 Qd7 19. Qf1 Ned5 20. Qd3 c6 21. Bd2 Re8 22. Rd1 Bb6 23. Re1 Nc7 24. Rxe8+ Qxe8 25. Bf4 Qe4 26. Qxe4 Nxe4 27. Bc2 d5 28. Bxc7 Bxc7 29. Bxe4 dxe4 30. Nd2 Bb6 31. Nxe4 Bxd4 32. b3 Kf8 33. Kf1 Ke7 34. Ke2 b6 35. f4 Kd7 36. g5 h5 37. h4 g6 38. Ng3 c5 39. fxg6 fxg6 40. f5 gxf5 41. Nxf5 Be5 42. Kf3 1-0

[Event "25th Abu Dhabi Master 2018"]
[Site "Abu Dhabi"]
[Date "2018.08.07"]
[Round "1"]
[White "Srihari, LR."]
[Black "Dimakiling, Oliver"]
[Result "0-1"]
[ECO "A45"]
[WhiteElo "2135"]
[BlackElo "2401"]
[Annotator "NA"]
[PlyCount "70"]
[EventDate "2018.08.05"]
[EventType "swiss"]
[EventCountry "UAE"]
[SourceTitle "playchess.com"]
[Source "ChessBase"]
[SourceQuality "1"]
[TimeControl "5400+30"]

1. d4 Nf6 2. Bg5 Ne4 3. Bf4 d5 4. e3 c5 5. Bd3 Nc6 6. Bxe4 dxe4 7. d5 e5 8. Bg3 Ne7 9. Nc3 Ng6 10. h4 h5 11. Nxe4 Qb6 12. Ne2 Bf5 13. N4c3 O-O-O 14. e4 Bd7 15. b3 f5 16. f3 Bd6 17. Qd2 Rdf8 18. Bf2 Kb8 19. O-O-O Qa6 20. Qd3 b5 21. exf5 c4 22. Qe3 Rxf5 23. Ng3 cxb3 24. axb3 Rc8 25. Nxf5 Bxf5 26. g4 hxg4 27. fxg4 Bd7 28. Kd2 Bb4 29. Ra1 Qb6 30. Qxb6+ axb6 31. Rh3 Nf4 32. Rg3 Nxd5 33. Re1 Nxc3 34. Kc1 Rf8 35. Bg1 Na2+ 0-1

[Event "25th Abu Dhabi Master 2018"]
[Site "Abu Dhabi"]
[Date "2018.08.07"]
[Round "1"]
[White "Mohamed, Faisal"]
[Black "Arjun, Kalyan"]
[Result "0-1"]
[ECO "C90"]
[WhiteElo "2134"]
[BlackElo "2390"]
[Annotator "NA"]
[PlyCount "76"]
[EventDate "2018.08.05"]
[EventType "swiss"]
[EventCountry "UAE"]
[SourceTitle "playchess.com"]
[Source "ChessBase"]
[SourceQuality "1"]
[TimeControl "5400+30"]

1. e4 e5 2. Nf3 Nc6 3. Bb5 a6 4. Ba4 Nf6 5. O-O Be7 6. Re1 b5 7. Bb3 d6 8. c3 O-O 9. d3 Na5 10. Bc2 c5 11. Nbd2 Nc6 12. Nf1 Re8 13. a4 Be6 14. Ne3 h6 15. h3 Rc8 16. axb5 axb5 17. d4 cxd4 18. cxd4 exd4 19. Nxd4 Nxd4 20. Qxd4 d5 21. exd5 Bc5 22. Qd3 Bxd5 23. Bb3 Bxb3 24. Qxb3 Qb6 25. Bd2 Ne4 26. Bb4 Bd4 27. Rad1 Rcd8 28. Rd3 Qg6 29. Red1 Qf6 30. Rf1 Qg5 31. f4 Qg6 32. Rf3 Bb6 33. Rxd8 Rxd8 34. Kh2 Qc6 35. Nf5 Qc1 36. Ne3 h5 37. Be7 Nd2 38. Qc3 Nxf3+ 0-1

[Event "25th Abu Dhabi Master 2018"]
[Site "Abu Dhabi"]
[Date "2018.08.07"]
[Round "1"]
[White "Bartakke, Amardeep S"]
[Black "Rakesh, Kumar Jena"]
[Result "1/2-1/2"]
[ECO "B09"]
[WhiteElo "2133"]
[BlackElo "2385"]
[Annotator "NA"]
[PlyCount "144"]
[EventDate "2018.08.05"]
[EventType "swiss"]
[EventCountry "UAE"]
[SourceTitle "playchess.com"]
[Source "ChessBase"]
[SourceQuality "1"]
[TimeControl "5400+30"]

1. e4 d6 2. d4 Nf6 3. Nc3 g6 4. f4 Bg7 5. Nf3 O-O 6. e5 dxe5 7. fxe5 Nd5 8. Bc4 Be6 9. Bb3 c5 10. Ne2 Bg4 11. O-O Nc6 12. c3 cxd4 13. cxd4 Na5 14. h3 Nxb3 15. Qxb3 Be6 16. Qxb7 h6 17. Nc3 a5 18. Qb5 Rc8 19. Nxd5 Bxd5 20. Rd1 Bc4 21. Qb7 Bd5 22. Qb5 Rc4 23. Bd2 Qa8 24. Rf1 Rb8 25. Qxa5 Qxa5 26. Bxa5 Rxb2 27. Rf2 Rxf2 28. Kxf2 Bxf3 29. Kxf3 Rxd4 30. Re1 Ra4 31. Bd8 Kf8 32. Re2 Ke8 33. Bb6 Kd7 34. e6+ fxe6 35. Bc5 e5 36. a3 Rf4+ 37. Ke3 Rc4 38. Rd2+ Ke6 39. Bb4 Bf6 40. Ra2 e4 41. Be1 Bg5+ 42. Ke2 Ra4 43. Bb4 Bf4 44. Rc2 Bd6 45. Ke3 Bxb4 46. axb4 Rxb4 47. Rc6+ Kf5 48. g4+ Ke5 49. Rxg6 Rb3+ 50. Ke2 Rxh3 51. g5 hxg5 52. Rxg5+ Kf4 53. Rg2 e3 54. Rg7 Rh2+ 55. Ke1 e5 56. Rf7+ Ke4 57. Rf8 Rb2 58. Rd8 Rc2 59. Rf8 Rc4 60. Ke2 Rb4 61. Rh8 Rb2+ 62. Ke1 e2 63. Rh3 Kd4 64. Rg3 Rc2 65. Rh3 Rc3 66. Rxc3 Kxc3 67. Kxe2 Kd4 68. Kd2 e4 69. Ke2 e3 70. Ke1 Kd3 71. Kd1 e2+ 72. Ke1 Ke3 1/2-1/2

[Event "25th Abu Dhabi Master 2018"]
[Site "Abu Dhabi"]
[Date "2018.08.07"]
[Round "1"]
[White "Song, Yuxin"]
[Black "Anand, Nadar"]
[Result "1/2-1/2"]
[ECO "C95"]
[WhiteElo "2126"]
[BlackElo "2377"]
[Annotator "NA"]
[PlyCount "162"]
[EventDate "2018.08.05"]
[EventType "swiss"]
[EventCountry "UAE"]
[SourceTitle "playchess.com"]
[Source "ChessBase"]
[SourceQuality "1"]
[TimeControl "5400+30"]

1. e4 e5 2. Nf3 Nc6 3. Bb5 a6 4. Ba4 Nf6 5. O-O Be7 6. Re1 b5 7. Bb3 O-O 8. h3 d6 9. c3 Nb8 10. d4 Nbd7 11. Nbd2 Bb7 12. Bc2 Re8 13. Nf1 Bf8 14. Ng3 g6 15. Bg5 h6 16. Bd2 exd4 17. cxd4 c5 18. b3 cxd4 19. Nxd4 Nc5 20. Qb1 Bg7 21. Bc3 d5 22. Rd1 Qc7 23. Qb2 Nfxe4 24. Nxe4 dxe4 25. Nxb5 Bxc3 26. Nxc3 Rad8 27. Rxd8 Qxd8 28. Nd1 e3 29. fxe3 Qd2 30. e4 Bxe4 31. Bxe4 Qe1+ 32. Kh2 Nxe4 33. Rc1 Qg3+ 34. Kg1 Qe1+ 35. Kh2 Rd8 36. Qe5 Qd2 37. Nc3 Nxc3 38. Rxc3 Qxa2 39. Qf6 Rb8 40. Rf3 Rf8 41. Rg3 Qc2 42. Qxa6 Qc7 43. Qc4 Qe5 44. Qc3 Qb8 45. Kh1 Rc8 46. Qe3 h5 47. Rf3 Rc2 48. Qf4 Qb7 49. Qd4 Qc7 50. Rd3 Kh7 51. Rd2 Rc5 52. Rd1 Rf5 53. Qc4 Qb7 54. Rd2 Qe7 55. Qe2 Re5 56. Qf2 Re1+ 57. Kh2 Qe5+ 58. g3 Qe6 59. b4 h4 60. gxh4 Qe5+ 61. Kg2 Qe4+ 62. Kg3 Re3+ 63. Kh2 Rf3 64. Qd4 Qe1 65. Rg2 Qe6 66. Qg4 Qd6+ 67. Kh1 Rf4 68. Qg3 Rf1+ 69. Kh2 Qd1 70. Rg1 Qd2+ 71. Rg2 Qd5 72. h5 Qxh5 73. Rf2 Rxf2+ 74. Qxf2 Qe5+ 75. Kg2 f5 76. Qd2 Qe4+ 77. Kg3 Qe5+ 78. Kf3 Kg7 79. Qf4 Qd5+ 80. Kf2 Kf6 81. h4 Qa2+ 1/2-1/2

[Event "25th Abu Dhabi Master 2018"]
[Site "Abu Dhabi"]
[Date "2018.08.07"]
[Round "1"]
[White "Ali, Nehad"]
[Black "Soumya, Swaminathan"]
[Result "0-1"]
[ECO "A36"]
[WhiteElo "2113"]
[BlackElo "2361"]
[Annotator "NA"]
[PlyCount "105"]
[EventDate "2018.08.05"]
[EventType "swiss"]
[EventCountry "UAE"]
[SourceTitle "playchess.com"]
[Source "ChessBase"]
[SourceQuality "1"]
[TimeControl "5400+30"]

1. c4 c5 2. Nc3 Nc6 3. g3 g6 4. Bg2 Bg7 5. e3 Nf6 6. Nge2 d6 7. O-O h5 8. d4 Bd7 9. h3 a6 10. f4 cxd4 11. exd4 Rb8 12. d5 Na5 13. Qd3 Bf5 14. Qd4 Kf8 15. b3 h4 16. Qf2 hxg3 17. Qxg3 Qc8 18. Be3 Bxh3 19. Bb6 Bxg2 20. Kxg2 Nc6 21. Rh1 Rxh1 22. Rxh1 Ra8 23. Qf3 Nb8 24. Ng3 Qg4 25. Na4 Nbd7 26. Re1 Re8 27. Bd4 b5 28. Nb6 Qxf3+ 29. Kxf3 Nxb6 30. Bxb6 bxc4 31. bxc4 Rc8 32. f5 Rxc4 33. fxg6 fxg6 34. Bd8 Nxd5 35. Ne4 Be5 36. Ng5 Ke8 37. Ba5 Rf4+ 38. Ke2 Ra4 39. Bd2 Rxa2 40. Ne4 Nc3+ 41. Kd3 Nxe4 42. Rxe4 a5 43. Bc1 a4 44. Rb4 Kf7 45. Rb7 Ra1 46. Kc2 a3 47. Ra7 a2 48. Bd2 Bf6 49. Kd3 Rd1 50. Rxa2 Bg5 51. Ke2 Rxd2+ 52. Rxd2 Bxd2 53. Kd3 0-1

[Event "25th Abu Dhabi Master 2018"]
[Site "Abu Dhabi"]
[Date "2018.08.07"]
[Round "1"]
[White "Mayank, Pal"]
[Black "Kulkarni, Chinmay"]
[Result "0-1"]
[ECO "A04"]
[WhiteElo "2100"]
[BlackElo "2355"]
[Annotator "NA"]
[PlyCount "90"]
[EventDate "2018.08.05"]
[EventType "swiss"]
[EventCountry "UAE"]
[SourceTitle "playchess.com"]
[Source "ChessBase"]
[SourceQuality "1"]
[TimeControl "5400+30"]

1. Nf3 c5 2. c4 Nf6 3. b3 g6 4. Bb2 Bg7 5. g3 Nc6 6. Bg2 d6 7. d4 cxd4 8. Nxd4 Bd7 9. O-O O-O 10. Nc3 Qa5 11. Nd5 Nxd5 12. Nxc6 Bxc6 13. Bxg7 Ne3 14. fxe3 Kxg7 15. Bxc6 bxc6 16. Qd4+ Kg8 17. e4 Rad8 18. Rf3 d5 19. cxd5 cxd5 20. e5 e6 21. a4 Rb8 22. Raf1 Rb4 23. Qc3 Qb6+ 24. Kh1 Qb8 25. Qe3 Re4 26. Qf2 Qc7 27. Rf6 Qe7 28. e3 Rxe5 29. Rf4 Qb7 30. Kg1 Rf5 31. Rxf5 exf5 32. Qc2 Re8 33. Qd3 Qb6 34. Kf2 Qc5 35. Rd1 Re4 36. Rd2 f4 37. gxf4 Rxf4+ 38. Ke2 Re4 39. Kf3 h5 40. Rc2 Qe7 41. Qxd5 Rxe3+ 42. Kg2 Qh4 43. Qc4 Qh3+ 44. Kg1 Re1+ 45. Kf2 Qe3+ 0-1

[Event "25th Abu Dhabi Master 2018"]
[Site "Abu Dhabi"]
[Date "2018.08.07"]
[Round "1"]
[White "Panda, Sambit"]
[Black "Omar, Noaman"]
[Result "0-1"]
[ECO "D00"]
[WhiteElo "2043"]
[BlackElo "2353"]
[Annotator "NA"]
[PlyCount "90"]
[EventDate "2018.08.05"]
[EventType "swiss"]
[EventCountry "UAE"]
[SourceTitle "playchess.com"]
[Source "ChessBase"]
[SourceQuality "1"]
[TimeControl "5400+30"]

1. d4 d5 2. Bf4 Nf6 3. e3 c5 4. Nf3 Nc6 5. Nbd2 Qb6 6. dxc5 Qxb2 7. Rb1 Qc3 8. Bb5 e6 9. O-O Be7 10. Nb3 O-O 11. Qd3 Qb4 12. Bxc6 bxc6 13. Ne5 Qa4 14. Qd4 Qa6 15. Qd3 Qa4 16. Qd4 Qa6 17. Qd3 Ne4 18. f3 Nxc5 19. Qxa6 Nxa6 20. Nxc6 Ba3 21. Nbd4 f6 22. Nb5 Bc5 23. Bd6 Bxe3+ 24. Kh1 Re8 25. Rfe1 Bb6 26. Ba3 Bd7 27. Nbd4 e5 28. Ne7+ Rxe7 29. Bxe7 Bxd4 30. Rb3 Rc8 31. Ra3 Bb5 32. Rb1 Be2 33. h4 Bb6 34. c3 Kf7 35. Re1 Bb5 36. Rb1 Bc4 37. Bb4 Nxb4 38. Rxb4 Ke6 39. Raa4 Kf5 40. g3 g5 41. hxg5 fxg5 42. Kg2 g4 43. fxg4+ Kxg4 44. Rb5 e4 45. Rb1 Rf8 0-1

[Event "25th Abu Dhabi Master 2018"]
[Site "Abu Dhabi"]
[Date "2018.08.07"]
[Round "1"]
[White "Nitin, Shankar Madhu"]
[Black "Esenbek Uulu, Ilimbek"]
[Result "1-0"]
[ECO "A05"]
[WhiteElo "1982"]
[BlackElo "2159"]
[Annotator "NA"]
[PlyCount "143"]
[EventDate "2018.08.05"]
[EventType "swiss"]
[EventCountry "UAE"]
[SourceTitle "playchess.com"]
[Source "ChessBase"]
[SourceQuality "1"]
[TimeControl "5400+30"]

1. Nf3 Nf6 2. g3 b6 3. Bg2 Bb7 4. O-O c5 5. d3 d6 6. e4 Nbd7 7. Nc3 g6 8. Nh4 b5 9. Nxb5 Qb6 10. Na3 Bg7 11. Nc4 Qa6 12. Qe2 O-O 13. Bd2 Rab8 14. Bc3 Rfe8 15. Rfe1 e5 16. Ne3 Nb6 17. b3 d5 18. Ng4 h5 19. Nxf6+ Bxf6 20. Nf3 Bg7 21. a4 c4 22. dxc4 dxc4 23. Bf1 Rbc8 24. Qe3 f5 25. a5 Nd7 26. Nd2 Nf6 27. Bxc4+ Rxc4 28. bxc4 fxe4 29. Rab1 Ng4 30. Qe2 e3 31. fxe3 Bh6 32. Nf1 Rf8 33. e4 Ba8 34. Bd2 Bxd2 35. Nxd2 Qxa5 36. Rf1 Qc5+ 37. Kh1 Rd8 38. Rbe1 a5 39. h3 Ne3 40. Qxe3 Qxe3 41. Rxe3 Rxd2 42. Rb1 Kg7 43. Rb5 a4 44. Rxe5 Rxc2 45. Ra5 Bc6 46. Rc5 a3 47. Rxc6 Rc1+ 48. Kg2 a2 49. Ra3 a1=Q 50. Rxa1 Rxa1 51. h4 Ra3 52. Kf2 Kf7 53. e5 Rc3 54. c5 Rc2+ 55. Kf3 Rc3+ 56. Kf4 Rc4+ 57. Kg5 Rg4+ 58. Kh6 Rxg3 59. Rf6+ Ke7 60. Rxg6 Rc3 61. c6 Rc5 62. c7 Kd7 63. Rg7+ Kc8 64. Re7 Rc2 65. Kxh5 Rg2 66. Kh6 Rg4 67. h5 Rg3 68. Kh7 Rg5 69. h6 Rg3 70. e6 Rg5 71. Rg7 Re5 72. e7 1-0

[Event "25th Abu Dhabi Master 2018"]
[Site "Abu Dhabi"]
[Date "2018.08.07"]
[Round "1"]
[White "Al Zaabi, Sultan"]
[Black "Saravana, Krishnan P"]
[Result "0-1"]
[ECO "A05"]
[WhiteElo "1945"]
[BlackElo "2348"]
[Annotator "NA"]
[PlyCount "60"]
[EventDate "2018.08.05"]
[EventType "swiss"]
[EventCountry "UAE"]
[SourceTitle "playchess.com"]
[Source "ChessBase"]
[SourceQuality "1"]
[TimeControl "5400+30"]

1. Nf3 Nf6 2. d4 d5 3. g3 c6 4. Bg2 Bf5 5. O-O h6 6. c4 e6 7. Qb3 Qb6 8. c5 Qxb3 9. axb3 Na6 10. Bf4 Nd7 11. Nc3 g5 12. Be3 Be7 13. Ra4 Nc7 14. b4 O-O 15. Rfa1 a6 16. h4 f6 17. Nd2 Kh7 18. hxg5 hxg5 19. f4 gxf4 20. gxf4 Bc2 21. R4a3 f5 22. Nf3 Nf6 23. Ne5 Rg8 24. Bf2 Nh5 25. e3 Nb5 26. Nxb5 Be4 27. Nc7 Rxg2+ 28. Kf1 Rag8 29. Nxe6 Ng3+ 30. Ke1 Nh1 0-1